 Dungeon Crawl Stone Soup version 0.26.1-2-gb8aa6d0cf2 (webtiles) character file.

Game seed: 3794339803586359437

420 Gadfly the Ruffian (level 6, -6/91 HPs)
             Began as a Troll Monk on Feb 23, 2021.
             Mangled by an orc
             ... wielding a +0 flail
              (10 damage)
             ... on level 4 of the Dungeon.
             The game lasted 00:05:03 (3098 turns).

Gadfly the Ruffian (Troll Monk)                     Turns: 3098, Time: 00:05:04

Health: -6/91      AC:  6    Str: 22    XL:     6   Next: 62%
Magic:  5/5        EV: 11    Int:  6    God:
Gold:   201        SH:  0    Dex: 12    Spells: 5/5 levels left

rFire    . . .     SeeInvis .     - Unarmed
rCold    . . .     Faith    .   (no shield)
rNeg     . . .     Spirit   .   d - +0 robe
rPois    .         Reflect  .   (helmet restricted)
rElec    .         Harm     .   (no cloak)
rCorr    .         Rampage  .   (gloves unavailable)
Will     .....                  (boots unavailable)
Stlth    ..........             (no amulet)
HPRegen  0.65/turn              (no ring)
MPRegen  0.09/turn              (no ring)

@: confused, berserking, very quick
A: large, unfitting armour, claws 3, regeneration 1, shaggy fur 1, tough skin 3
a: no special abilities


You were on level 4 of the Dungeon.
You visited 1 branch of the dungeon, and saw 4 of its levels.

You collected 201 gold pieces.

Inventory:

Armour
 d - a +0 robe (worn)
Jewellery
 i - an uncursed amulet of faith
Wands
 k - a wand of random effects (14) (quivered)
Scrolls
 c - a scroll of teleportation
 f - a scroll of remove curse
 l - a scroll of blinking
Potions
 a - 2 potions of heal wounds
 g - a potion of flight
 h - a potion of curing


   Skills:
 + Level 3.2 Fighting
 + Level 2.3 Armour
 + Level 3.5 Dodging
 - Level 1.0 Stealth
 + Level 4.3 Unarmed Combat
 + Level 2.1 Evocations


You had 5 spell levels left.
You didn't know any spells.
Your spell library was empty.

Dungeon Overview and Level Annotations

Branches:
Dungeon (4/15)
 Temple: D:4-7

Altars:
Gozag
Xom
Zin


Innate Abilities, Weirdness & Mutations

You are too large for most types of armour.
You have claws for hands.
Your natural rate of healing is unusually fast.
You are covered in fur. (AC +1)
You have extremely tough skin. (AC +3)


Message History

The ogre hits you with a +0 giant spiked club!!
The orc hits you. The orc wizard casts a spell at you.
You are confused.
The orc priest looks braver for a moment.
The ogre hits you with a +0 giant spiked club!
* * * LOW HITPOINT WARNING * * *
The orc priest barely misses you. The ogre closely misses you.
The orc hits you but does no damage.
The orc priest mumbles some strange prayers to Beogh against you.
Beogh smites you!
* * * LOW HITPOINT WARNING * * *
Found 11 gold pieces.
The orc misses you.
A red film seems to cover your vision as you go berserk!
You feel yourself moving faster!
You feel mighty!
The ogre hits you with a +0 giant spiked club!
* * * LOW HITPOINT WARNING * * *
The orc hits you with a +0 flail!
You die...

≈≈## ........<...### #≈≈#
.............. ####≈≈###
...........# #...≈≈..###
#.........# #...≈≈≈...##
#.....[...# #....≈.....#
#.........# #...≈≈.≈...#
#..o......# #....≈.....#
#.ooO.....# #≈≈.≈..≈...#
#..@o.....# #.≈≈.≈!....#
#.†.......#
#≈.≈≈≈.....###.........#
#.≈.≈≈.≈..............##
#..≈≈≈.≈................
#.≈≈≈≈........#.###..###$
....≈≈........#.#
#..#.#.####. ##
....≈≈........#.#
#.............
...≈≈≈....###.#.#
#.......##.#.##


You could see an ogre, an orc priest, an orc wizard and 2 orcs.

Vanquished Creatures
  2 ogres (D:4)
  A scorpion (D:4)
  A hound (D:4)
  2 worker ants
  A hound skeleton (D:4)
  5 adders
  An ooze (D:1)
  2 worms
  4 leopard geckos
  4 orcs (D:3)
  2 giant cockroaches (D:1)
  6 goblins
  5 hobgoblins
  7 jackals
  6 kobolds
  A quokka (D:2)
  A ball python (D:3)
  4 bats
  10 frilled lizards
  A jackal zombie (D:4)
  4 rats
70 creatures vanquished.

Notes
Turn   | Place    | Note
-------+----------+-------------------------------------------
     0 | D:1      | Gadfly the Troll Monk began the quest for the Orb.
     0 | D:1      | Reached XP level 1. HP: 22/22 MP: 0/0
    66 | D:1      | You fall into a shaft and drop 1 floor!
    81 | D:2      | Reached XP level 2. HP: 12/29 MP: 1/1
   691 | D:1      | Reached XP level 3. HP: 36/36 MP: 2/2
  1074 | D:2      | Reached skill level 1 in Armour
  1074 | D:2      | Reached skill level 1 in Evocations
  1226 | D:2      | Reached XP level 4. HP: 4/44 MP: 3/3
  1621 | D:2      | Found an iron altar of Okawaru.
  1623 | D:2      | Found a shimmering altar of Xom.
  1623 | D:2      | Found a hide-covered altar of Uskayaw.
  1625 | D:2      | Found a sacrificial altar of Ru.
  1625 | D:2      | Found a hazy altar of Hepliaklqana.
  1625 | D:2      | Found a glowing golden altar of the Shining One.
  2195 | D:3      | Reached XP level 5. HP: 46/50 MP: 4/4
  2497 | D:3      | Found an opulent altar of Gozag.
  2497 | D:3      | Found a glowing silver altar of Zin.
  2599 | D:4      | Noticed an ogre
  2605 | D:4      | Killed an ogre
  2606 | D:4      | Reached skill level 4 in Unarmed Combat
  2615 | D:4      | Noticed an ogre
  2655 | D:4      | Reached XP level 6. HP: 38/61 MP: 5/5
  3098 | D:4      | HP: 4/91 [ogre/+0 giant spiked club (8)]
  3098 | D:4      | Mangled by an orc

Illustrated notes

Levels and vault maps discovered:
D:1:      dpeg_arrival_simpleton_c, layout_loops_ring
D:2:      layout_loops_cross, doesnt_xom_only_xom
D:3:      layout_basic, grunt_temple_overflow_gold_and_silver
D:4:      layout_basic, gammafunk_ghost_smash, serial_rivers,
          chequers_serial_rivers_micro_b, chequers_serial_rivers_small_3,
          chequers_serial_rivers_micro_b, chequers_serial_rivers_large_b,
          chequers_serial_rivers_small_3, chequers_serial_rivers_room_a

Skill      XL: |  1  2  3  4  5  6 |
---------------+-------------------+-----
Armour         | 1 2 |  2.3
Evocations     | 1 2 |  2.1
Dodging        | 3 |  3.5
Fighting       | 3 |  3.2
Unarmed Combat | 4 |  4.3
Stealth        | |  1.0

Action                   |  1- 3 |  4- 6 || total
-------------------------+-------+-------++-------
Melee: Unarmed           |    19 |   124 ||   143
       Whip              |   257 |    22 ||   279
       Punch             |     3 |     1 ||     4
  Use: Scroll            |     4 |     4 ||     8
       Potion            |     2 |     1 ||     3
 Stab: Sleeping          |     3 |       ||     3
Armor: Robe              |   116 |    41 ||   157
Dodge: Dodged            |   176 |    94 ||   270
